| TOP OF THE 1ST |
|
Southern Maryland Blue Crabs batting - Pitching for York Revolution : RHP Marcos Tapia
|
|
Pitching: RHP Marcos Tapia
|
|
|
Batting: RHB Danny Baeza
|
0-0: Ball 1-0: Foul Ball, location: 2F 1-1: Foul Ball, location: 2F 1-2: Ball 2-2: Ball 3-2: Base on Balls
|
|
Batting: RHB Ben Sutton
|
0-0: Ball 1-0: Fielders Choice at 2nd, 4-6 (Groundball, 4, EV 106.3 MPH)
|
|
Batting: RHB Daniel Jackson
|
0-0: Ball 1-0: Foul Ball, location: 2F 1-1: Ball 2-1: Grounds into double play, 4-6-3 (Groundball, 4, EV 103.8 MPH)
|
| Top of the 1st over - 0 runs, 0 hits, 0 errors, 0 left on base; Southern Maryland 0 - York 0 |
| BOTTOM OF THE 1ST |
|
York Revolution batting - Pitching for Southern Maryland Blue Crabs : LHP Jason Williams
|
|
Pitching: LHP Jason Williams
|
|
|
Batting: RHB Tony Perez
|
0-0: Swinging Strike 0-1: Swinging Strike 0-2: Foul Ball, location: 2F 0-2: Ball 1-2: Ball 2-2: Strikes out swinging
|
|
Batting: RHB Chris Myers
|
0-0: Ball 1-0: Ball 2-0: Called Strike 2-1: Fly out, F8 (Flyball, 8RD, EV 107.5 MPH)
|
|
Batting: RHB Jose Corral
|
0-0: Swinging Strike 0-1: Hit by Pitch
|
|
Batting: RHB Jake Cox
|
0-0: Ball 1-0: Ball 2-0: Called Strike 2-1: Foul Ball, location: 2F 2-2: Strikes out swinging
|
| Bottom of the 1st over - 0 runs, 0 hits, 0 errors, 1 left on base; Southern Maryland 0 - York 0 |
| TOP OF THE 2ND |
|
Southern Maryland Blue Crabs batting - Pitching for York Revolution : RHP Marcos Tapia
|
|
Batting: RHB Steve Jones
|
0-0: Ball 1-0: Ball 2-0: Ball 3-0: Foul Ball, location: 2F 3-1: Base on Balls
|
|
Batting: RHB Honório Szenes
|
0-0: Ball Wild Pitch! Steve Jones to second 1-0: Called Strike 1-1: Called Strike 1-2: Ball 2-2: Ball 3-2: Strikes out swinging
|
|
Batting: RHB Tony Godley
|
0-0: Called Strike 0-1: Ball 1-1: Ball 2-1: Ball 3-1: Base on Balls
|
|
Batting: RHB Ray Sims
|
0-0: Ball 1-0: Called Strike 1-1: Fly out, F8 (Flyball, 8LD, EV 106.9 MPH)
|
|
Batting: RHB Mike Pitts
|
0-0: Ground out 4-3 (Groundball, 13, EV 88.1 MPH)
|
| Top of the 2nd over - 0 runs, 0 hits, 0 errors, 2 left on base; Southern Maryland 0 - York 0 |
| BOTTOM OF THE 2ND |
|
York Revolution batting - Pitching for Southern Maryland Blue Crabs : LHP Jason Williams
|
|
Batting: RHB Victor Arias
|
0-0: Ball 1-0: Called Strike 1-1: Fly out, F8 (Flyball, 8LD, EV 98.8 MPH)
|
|
Batting: SHB Brett St. Clair
|
0-0: Called Strike 0-1: Ball 1-1: Foul Ball, location: 2F 1-2: Foul Ball, location: 2F 1-2: Strikes out swinging
|
|
Batting: RHB Dave Gallegos
|
0-0: Ball 1-0: Ball 2-0: Called Strike 2-1: Foul Ball, location: 2F 2-2: Ball 3-2: Base on Balls
|
|
Batting: SHB Marco de Leon
|
0-0: Ball 1-0: Ball 2-0: Ball 3-0: Called Strike 3-1: Base on Balls Dave Gallegos to second
|
|
Batting: RHB Corey Harris
|
0-0: Ball 1-0: Foul Ball, location: 2F 1-1: Fly out, F3 (Popup, 3S, EV 76.3 MPH)
|
| Bottom of the 2nd over - 0 runs, 0 hits, 0 errors, 2 left on base; Southern Maryland 0 - York 0 |
| TOP OF THE 3RD |
|
Southern Maryland Blue Crabs batting - Pitching for York Revolution : RHP Marcos Tapia
|
|
Batting: RHB Matt Berrier
|
0-0: Ball 1-0: Foul Ball, location: 2F 1-1: Called Strike 1-2: Ball 2-2: Ball 3-2: Fly out, F8 (Line Drive, 8RD, EV 91.9 MPH)
|
|
Batting: RHB Danny Baeza
|
0-0: Called Strike 0-1: Foul Ball, location: 2F 0-2: Foul Ball, location: 2F 0-2: Ball 1-2: Ball 2-2: Foul Ball, location: 2F 2-2: Strikes out looking
|
|
Batting: RHB Ben Sutton
|
0-0: Called Strike 0-1: Fly out, F7 (Line Drive, 7D, EV 91.3 MPH)
|
| Top of the 3rd over - 0 runs, 0 hits, 0 errors, 0 left on base; Southern Maryland 0 - York 0 |
| BOTTOM OF THE 3RD |
|
York Revolution batting - Pitching for Southern Maryland Blue Crabs : LHP Jason Williams
|
|
Batting: RHB Tony Perez
|
0-0: Ball 1-0: Foul Ball, location: 2F 1-1: Ball 2-1: Ball 3-1: Foul Ball, location: 2F 3-2: Foul Ball, location: 2F 3-2: Strikes out swinging
|
|
Batting: RHB Chris Myers
|
0-0: Ball 1-0: Fly out, F6 (Popup, 6D, EV 66.3 MPH)
|
|
Batting: RHB Jose Corral
|
0-0: Ball 1-0: Foul Ball, location: 2F 1-1: Swinging Strike 1-2: Ball 2-2: Strikes out swinging
|
| Bottom of the 3rd over - 0 runs, 0 hits, 0 errors, 0 left on base; Southern Maryland 0 - York 0 |
| TOP OF THE 4TH |
|
Southern Maryland Blue Crabs batting - Pitching for York Revolution : RHP Marcos Tapia
|
|
Batting: RHB Daniel Jackson
|
0-0: Ball 1-0: Ball 2-0: Ball 3-0: Called Strike 3-1: SINGLE (Groundball, 6MD, EV 98.8 MPH)
|
|
Batting: RHB Steve Jones
|
0-0: Swinging Strike 0-1: Called Strike 0-2: Strikes out swinging
|
|
Batting: RHB Honório Szenes
|
0-0: Called Strike 0-1: Ball 1-1: Called Strike 1-2: Foul Ball, location: 2F 1-2: Strikes out swinging
|
|
Batting: RHB Tony Godley
|
0-0: Ball 1-0: Ball 2-0: Called Strike 2-1: Fly out, F9 (Line Drive, 9, EV 100.0 MPH)
|
| Top of the 4th over - 0 runs, 1 hit, 0 errors, 1 left on base; Southern Maryland 0 - York 0 |
| BOTTOM OF THE 4TH |
|
York Revolution batting - Pitching for Southern Maryland Blue Crabs : LHP Jason Williams
|
|
Batting: RHB Jake Cox
|
0-0: Swinging Strike 0-1: SOLO HOME RUN (Flyball, 7LD, EV 92.5 MPH), Distance : 341 ft
|
|
Batting: RHB Victor Arias
|
0-0: Fly out, F4 (Popup, 3S, EV 88.8 MPH)
|
|
Batting: SHB Brett St. Clair
|
0-0: Foul Ball, location: 2F 0-1: Called Strike 0-2: Strikes out swinging
|
|
Batting: RHB Dave Gallegos
|
0-0: Called Strike 0-1: Ball 1-1: Ball 2-1: Called Strike 2-2: Ground out 4-3 (Groundball, 4M, EV 83.1 MPH)
|
| Bottom of the 4th over - 1 run, 1 hit, 0 errors, 0 left on base; Southern Maryland 0 - York 1 |
| TOP OF THE 5TH |
|
Southern Maryland Blue Crabs batting - Pitching for York Revolution : RHP Marcos Tapia
|
|
Batting: RHB Ray Sims
|
0-0: Ball 1-0: Ball 2-0: Ball 3-0: Called Strike 3-1: Foul Ball, location: 2F 3-2: Fly out, F8 (Line Drive, 8RM, EV 85.6 MPH)
|
|
Batting: RHB Mike Pitts
|
0-0: Called Strike 0-1: Ball 1-1: Swinging Strike 1-2: Strikes out swinging
|
|
Batting: RHB Matt Berrier
|
0-0: Called Strike 0-1: Foul Ball, location: 2F 0-2: Ball 1-2: Foul Ball, location: 2F 1-2: Ball 2-2: Strikes out swinging
|
| Top of the 5th over - 0 runs, 0 hits, 0 errors, 0 left on base; Southern Maryland 0 - York 1 |
| BOTTOM OF THE 5TH |
|
York Revolution batting - Pitching for Southern Maryland Blue Crabs : LHP Jason Williams
|
|
Batting: SHB Marco de Leon
|
0-0: Ball 1-0: Ground out 6-3 (Groundball, 6MS, EV 68.8 MPH)
|
|
Batting: RHB Corey Harris
|
0-0: Ball 1-0: Called Strike 1-1: Ball 2-1: Fly out, F7 (Flyball, 78D, EV 99.4 MPH)
|
|
Batting: RHB Tony Perez
|
0-0: Ball 1-0: Called Strike 1-1: Foul Ball, location: 2F 1-2: Fly out, F9 (Flyball, 9, EV 95.0 MPH)
|
| Bottom of the 5th over - 0 runs, 0 hits, 0 errors, 0 left on base; Southern Maryland 0 - York 1 |
| TOP OF THE 6TH |
|
Southern Maryland Blue Crabs batting - Pitching for York Revolution : RHP Marcos Tapia
|
|
Pitching: RHP Jonathan Beishline
|
|
|
Batting: RHB Danny Baeza
|
0-0: Foul Ball, location: 2F 0-1: Hit by Pitch
|
|
Batting: RHB Ben Sutton
|
0-0: Ball 1-0: Swinging Strike 1-1: Foul Ball, location: 2F 1-2: Ball 2-2: Foul Ball, location: 2F 2-2: Strikes out swinging
|
|
Batting: RHB Daniel Jackson
|
0-0: Called Strike Danny Baeza steals 2nd base (no throw) 0-1: Ball 1-1: Ball 2-1: Ball 3-1: Fly out, F5 (Line Drive, 5, EV 65.6 MPH)
|
|
Batting: RHB Steve Jones
|
0-0: Fly out, F7 (Flyball, 78D, EV 90.0 MPH)
|
| Top of the 6th over - 0 runs, 0 hits, 0 errors, 1 left on base; Southern Maryland 0 - York 1 |
| BOTTOM OF THE 6TH |
|
York Revolution batting - Pitching for Southern Maryland Blue Crabs : LHP Jason Williams
|
|
Batting: RHB Chris Myers
|
0-0: Ball 1-0: Fly out, F7 (Flyball, 7, EV 84.4 MPH)
|
|
Batting: RHB Jose Corral
|
0-0: Foul Ball, location: 2F 0-1: SINGLE (Line Drive, 8RS, EV 108.1 MPH)
|
|
Batting: RHB Jake Cox
|
0-0: 2-RUN HOME RUN (Flyball, 7LD, EV 90.6 MPH), Distance : 347 ft
|
|
Batting: RHB Victor Arias
|
0-0: SINGLE (Groundball, 5S, EV 67.5 MPH) (infield hit)
|
|
Batting: SHB Brett St. Clair
|
0-0: Ball 1-0: Foul Ball, location: 2F 1-1: Ball 2-1: Foul Ball, location: 2F 2-2: Fielders Choice at 2nd, 4-6 (Groundball, 4M, EV 94.4 MPH)
|
|
Batting: RHB Dave Gallegos
|
0-0: Ball 1-0: Ball 2-0: Foul Ball, location: 2F 2-1: Foul Ball, location: 2F 2-2: Strikes out swinging
|
| Bottom of the 6th over - 2 runs, 3 hits, 0 errors, 1 left on base; Southern Maryland 0 - York 3 |
| TOP OF THE 7TH |
|
Southern Maryland Blue Crabs batting - Pitching for York Revolution : RHP Jonathan Beishline
|
|
Batting: RHB Honório Szenes
|
0-0: Foul Ball, location: 2F 0-1: Swinging Strike 0-2: Ball 1-2: Ball 2-2: Ball 3-2: Foul Ball, location: 2F 3-2: Strikes out swinging
|
|
Batting: RHB Tony Godley
|
0-0: Called Strike 0-1: SINGLE (Groundball, 34, EV 100.6 MPH)
|
|
Batting: RHB Ray Sims
|
0-0: Ball 1-0: Ball 2-0: Fielders Choice at 2nd, 1-6 (Groundball, 13, EV 69.4 MPH)
|
|
Batting: RHB Mike Pitts
|
0-0: Called Strike 0-1: Called Strike 0-2: Ball 1-2: Ball 2-2: Ball 3-2: Strikes out swinging
|
| Top of the 7th over - 0 runs, 1 hit, 0 errors, 1 left on base; Southern Maryland 0 - York 3 |
| BOTTOM OF THE 7TH |
|
York Revolution batting - Pitching for Southern Maryland Blue Crabs : LHP Jason Williams
|
|
Pitching: RHP Casey Tietjen
|
|
|
Batting: SHB Marco de Leon
|
0-0: Swinging Strike 0-1: Foul Ball, location: 2F 0-2: Ball 1-2: Ball 2-2: Foul Ball, location: 2F 2-2: Foul Ball, location: 2F 2-2: TRIPLE (Flyball, 78XD, EV 108.8 MPH)
|
|
Batting: RHB Corey Harris
|
0-0: Called Strike 0-1: Foul Ball, location: 2F 0-2: Ball 1-2: SINGLE (Groundball, 4D, EV 99.4 MPH) Marco de Leon scores
|
|
Batting: RHB Tony Perez
|
0-0: Sac Bunt to 2L - play at first, batter OUT! 2-3 Corey Harris to second
|
|
Batting: RHB Chris Myers
|
0-0: Ball 1-0: Ground out 6-3 (Groundball, 6MS, EV 68.8 MPH) Corey Harris to third
|
|
Batting: RHB Jose Corral
|
0-0: Ball 1-0: Ground out 4-3 (Groundball, 4, EV 85.0 MPH)
|
| Bottom of the 7th over - 1 run, 2 hits, 0 errors, 1 left on base; Southern Maryland 0 - York 4 |
| TOP OF THE 8TH |
|
Southern Maryland Blue Crabs batting - Pitching for York Revolution : RHP Jonathan Beishline
|
|
Pitching: RHP Victor Hurtado
|
|
|
Batting: RHB Matt Berrier
|
0-0: Ball 1-0: Ball 2-0: Foul Ball, location: 2F 2-1: Foul Ball, location: 2F 2-2: Ball 3-2: Foul Ball, location: 2F 3-2: Strikes out swinging
|
|
Batting: RHB Danny Baeza
|
0-0: Ball 1-0: Foul Ball, location: 2F 1-1: SINGLE (Line Drive, 89S, EV 97.5 MPH)
|
|
Batting: RHB Ben Sutton
|
0-0: Swinging Strike 0-1: Fielders Choice at 2nd, U6 (Groundball, 4M, EV 89.4 MPH)
|
|
Batting: RHB Daniel Jackson
|
0-0: Foul Ball, location: 2F 0-1: Ball 1-1: Ball 2-1: Fly out, F7 (Line Drive, 7, EV 95.0 MPH)
|
| Top of the 8th over - 0 runs, 1 hit, 0 errors, 1 left on base; Southern Maryland 0 - York 4 |
| BOTTOM OF THE 8TH |
|
York Revolution batting - Pitching for Southern Maryland Blue Crabs : RHP Casey Tietjen
|
|
Pitching: RHP Tim Bemish
|
|
|
Batting: RHB Jake Cox
|
0-0: Swinging Strike 0-1: Called Strike 0-2: Strikes out swinging
|
|
Batting: RHB Victor Arias
|
0-0: SINGLE (Line Drive, 89M, EV 103.1 MPH)
|
|
Batting: SHB Brett St. Clair
|
0-0: Swinging Strike 0-1: Called Strike Victor Arias steals 2nd base 0-2: Strikes out swinging
|
|
Batting: RHB Dave Gallegos
|
0-0: SINGLE (Flyball, 7S, EV 89.4 MPH) Victor Arias to third Runner from 3rd tries for Home, SAFE, throw by LF to home
|
|
Batting: SHB Marco de Leon
|
0-0: Called Strike 0-1: Ball 1-1: Ball 2-1: Foul Ball, location: 2F 2-2: Foul Ball, location: 2F 2-2: Ball 3-2: Strikes out swinging
|
| Bottom of the 8th over - 1 run, 2 hits, 0 errors, 1 left on base; Southern Maryland 0 - York 5 |
| TOP OF THE 9TH |
|
Southern Maryland Blue Crabs batting - Pitching for York Revolution : RHP Victor Hurtado
|
|
Batting: RHB Steve Jones
|
0-0: Ground out U3 (Groundball, 34, EV 86.3 MPH)
|
|
Batting: RHB Honório Szenes
|
0-0: Called Strike 0-1: Ball 1-1: Foul Ball, location: 2F 1-2: Ground out 3-1 (Groundball, 34, EV 83.1 MPH)
|
|
Batting: RHB Tony Godley
|
0-0: Ball 1-0: Ball 2-0: Foul Ball, location: 2F 2-1: Ground out U3 (Groundball, 34S, EV 80.6 MPH)
|
| Top of the 9th over - 0 runs, 0 hits, 0 errors, 0 left on base; Southern Maryland 0 - York 5 |
|